 Dungeon Crawl Stone Soup version 0.21-a0-531-gacddea6 (webtiles) character file.

544 zero the Insei (level 7, 0/51 HPs)
             Began as a Barachi Transmuter on Dec 14, 2017.
             Succumbed to a worker ant's poison
             ... on level 5 of the Dungeon.
             The game lasted 00:15:57 (6704 turns).

zero the Insei (Barachi Transmuter)                 Turns: 6704, Time: 00:15:58

Health: 0/51       AC:  4    Str: 11    XL:     7   Next: 27%
Magic:  10/10      EV:  9    Int: 14    God:
Gold:   188        SH:  0    Dex: 12    Spells: 1/11 levels left

rFire    . . .     SeeInvis .     - Unarmed
rCold    . . .     Gourm    .   (no shield)
rNeg     . . .     Faith    .   b - +1 robe
rPois    .         Spirit   .   e - +1 hat
rElec    .         Reflect  .   (no cloak)
rCorr    .         Harm     .   (no gloves)
MR       .....                  (boots currently unavailable)
Stlth    +.........             (no amulet)
HPRegen  0.17/turn              (no ring)
MPRegen  0.12/turn              (no ring)

@: lethally poisoned (0 -> -9), appendage (expiring), constricted, slow
A: +LOS, swims, talons 3, dopey 1, slowness 1, strong legs 1
a: Hop, End Transformation


You were on level 5 of the Dungeon.
You were hungry.
You had grown temporary talons.
You visited 1 branch of the dungeon, and saw 5 of its levels.

You collected 188 gold pieces.

Inventory:

Hand Weapons
 r - a +0 shortbow
Missiles
 a - 58 arrows
 g - 28 poisoned needles
 s - 35 bolts
Armour
 b - a +1 robe (worn)
 e - a +1 hat (worn)
Potions
 h - a potion of resistance
 i - a potion of might
 q - a potion of cancellation
Books
 c - a book of Changes

   Spells                             Type                      Level
   a - Beastly Appendage              Transmutation                1
   b - Sticks to Snakes               Transmutation                2
   c - Spider Form                    Transmutation/Poison         3
   d - Ice Form                       Ice/Transmutation            4
   e - Blade Hands                    Transmutation                5
Comestibles
 d - 3 bread rations
 k - a meat ration
 l - a chunk of flesh
 o - a fruit


   Skills:
 + Level 2.8 Fighting
 - Level 2.1 Dodging
 * Level 6.5 Unarmed Combat
 - Level 2.5 Spellcasting
 + Level 4.4 Transmutations
 * Level 2.2 Ice Magic
 - Level 2.0 Poison Magic


You had one spell level left.
You knew the following spells:

 Your Spells              Type           Power        Failure   Level  Hunger
a - Beastly Appendage     Tmut           ##....       3%          1    #......
b - Sticks to Snakes      Tmut           ##......     5%          2    ###....
c - Spider Form           Tmut/Pois      ##........   19%         3    ###....
d - Ice Form              Ice/Tmut       ##......     50%         4    #####..


Dungeon Overview and Level Annotations

Branches:
Dungeon (5/15)
 Temple: D:4-7

Altars:
Hepliaklqana
Okawaru
Qazlal
Ru
Uskayaw
Yredelemnul

Annotations:
D:3 Dowan


Innate Abilities, Weirdness & Mutations

Shadows flee at your approach. (+LOS)
You can swim through water.
You cover ground slowly.
You can hop short distances.
You have claws for feet.
You are dopey. (Int -2)


Message History

You feel less invigorated.
You feel less confused.
* * * LOW HITPOINT WARNING * * *
You feel sick.
The jackal barks!
The worker ant bites you.
* * * LOW HITPOINT WARNING * * *
The jackal moves out of view.
The adder barely misses you. The ball python closely misses you.
* * * LOW HITPOINT WARNING * * *
The ball python constricts you.
The worker ant bites you but does no damage.
* * * LOW HITPOINT WARNING * * *
You feel sick. The adder bites you.
* * * LOW HITPOINT WARNING * * *
The ball python bites you but does no damage.
The ball python constricts you.
The worker ant bites you but does no damage.
Your magical contamination has completely faded away.
You die...

.. ....######
.....(...##
#.>S@.#
#.....a.S.......
##..............
#..............
#..............
#..............
#.......).....!
#?.............
##.........$...


You could see a worker ant, an adder and a ball python.

Vanquished Creatures
  A centaur (D:3)
  A scorpion (D:4)
  A hound (D:4)
  Natasha (twice) (D:3)
  3 orc wizards
  7 adders
  An adder skeleton (D:4)
  3 worms
  4 leopard geckos
  12 orcs
  5 goblins
  4 hobgoblins
  7 jackals
  9 kobolds
  A quokka (D:3)
  2 ball pythons
  8 bats
  2 frilled lizards
  9 rats
82 creatures vanquished.

Vanquished Creatures (collateral kills)
  Duvessa (D:4)
  Natasha (D:3)
  A worker ant (D:4)
  2 orcs
  A jackal (D:2)
  A frilled lizard (D:3)
7 creatures vanquished.

Grand Total: 89 creatures vanquished

Notes
Turn   | Place    | Note
-------+----------+-------------------------------------------
     0 | D:1      | zero the Barachi Transmuter began the quest for the Orb.
     0 | D:1      | Reached XP level 1. HP: 15/15 MP: 3/3
   499 | D:1      | Reached XP level 2. HP: 20/21 MP: 5/5
   506 | D:1      | Learned a level 2 spell: Sticks to Snakes
  1136 | D:2      | Reached skill level 4 in Unarmed Combat
  1334 | D:2      | Reached XP level 3. HP: 25/26 MP: 4/6
  1339 | D:2      | Learned a level 3 spell: Spider Form
  1355 | D:2      | HP: 1/26 [worm (9)]
  2480 | D:2      | Reached XP level 4. HP: 17/32 MP: 7/7
  2922 | D:3      | Noticed Natasha
  3054 | D:3      | Reached skill level 1 in Poison Magic
  3065 | D:3      | Reached skill level 5 in Unarmed Combat
  3312 | D:3      | Found an iron altar of Okawaru.
  3515 | D:3      | Noticed a centaur
  3902 | D:3      | Killed a centaur
  3902 | D:3      | Reached XP level 5. HP: 12/37 MP: 4/8
  4400 | D:3      | Found a hazy altar of Hepliaklqana.
  4576 | D:3      | Killed Natasha
  4576 | D:3      | Reached XP level 6. HP: 39/43 MP: 1/9
  4602 | D:3      | Noticed Natasha
  4704 | D:3      | Killed Natasha
  4765 | D:3      | Found a hide-covered altar of Uskayaw.
  4876 | D:3      | Found a basalt altar of Yredelemnul.
  5099 | D:4      | Noticed Dowan
  5100 | D:4      | Noticed Duvessa
  5116 | D:3      | Noticed Natasha
  5129 | D:3      | Killed Natasha
  5403 | D:3      | Learned a level 4 spell: Ice Form
  5451 | D:3      | Reached skill level 6 in Unarmed Combat
  5884 | D:4      | Killed Duvessa
  5884 | D:4      | Reached skill level 1 in Ice Magic
  5931 | D:3      | Found a sacrificial altar of Ru.
  6186 | D:4      | Reached XP level 7. HP: 51/51 MP: 10/10
  6418 | D:4      | Gained mutation: You are weak. (Str -2) [potion of mutation]
  6418 | D:4      | Gained mutation: You are dopey. (Int -2) [potion of mutation]
  6418 | D:4      | Lost mutation: You are weak. (Str -2) [potion of mutation]
  6450 | D:4      | Noticed a fire elemental
  6453 | D:4      | Found a stormy altar of Qazlal.
  6454 | D:4      | Noticed a water elemental
  6454 | D:4      | Noticed an air elemental
  6680 | D:5      | Entered Level 5 of the Dungeon
  6688 | D:5      | HP: 2/51 [worker ant (5)]
  6703 | D:5      | HP: 1/51 [adder (3)]
  6704 | D:5      | Succumbed to a worker ant's poison

Vault maps used:
D:1:      ncdulo_smallfort, kennysheep_pointless_box, due_unseen_surprise
D:3:      lemuel_coloured_pillars_altar, nicolae_overflow_hidden_temple,
          first_bread, uniq_natasha
D:4:      amethyst_overflow_temple_binary, nicolae_qazlal_style_of_elements,
          uniq_duvessa
D:5:      grunt_temple_overflow_opulence, serial_shops, shop, tgw_trog,
          uniq_grinder

Skill      XL: |  1  2  3  4  5  6  7 |
---------------+----------------------+-----
Unarmed Combat | 4 5 6 |  6.5
Transmutations | 3 4 |  4.4
Poison Magic   | 2 |  2.0
Fighting       | 2 |  2.8
Ice Magic      | 1 2 |  2.2
Dodging        | |  2.1
Spellcasting   | |  2.5

Action                   |  1- 3 |  4- 6 |  7- 9 || total
-------------------------+-------+-------+-------++-------
Melee: Unarmed           |   121 |   138 |    43 ||   302
       Headbutt          |     5 |     4 |     1 ||    10
       Kick              |     4 |     2 |     1 ||     7
       Punch             |     1 |     2 |     1 ||     4
 Fire: Shortbow          |       |    29 |       ||    29
 Cast: Beastly Appendage |    10 |    11 |     4 ||    25
       Spider Form       |     1 |     1 |     1 ||     3
       Sticks to Snakes  |       |    15 |    10 ||    25
 Abil: Hop               |     1 |     2 |       ||     3
  Use: Scroll            |     4 |     5 |     7 ||    16
       Potion            |       |     1 |     5 ||     6
 Stab: Distracted        |       |     1 |       ||     1
  Eat: Meat ration       |     1 |       |       ||     1
       Bread ration      |     1 |       |       ||     1
       Fruit             |       |     5 |     1 ||     6
       Chunk             |       |     6 |     1 ||     7
Armor: Robe              |    29 |    39 |    29 ||    97
       Skin              |       |     1 |       ||     1
Dodge: Dodged            |    81 |   113 |    53 ||   247

Table legend:
 A = Spawn XP
 B = Non-spawn XP
 C = Spawn XP percentage of total XP
 D = Spawn monster count
 E = Non-spawn monster count
 F = Spawn count percentage of total count
 G = Total turns spent on level
                    A         B        C        D         E        F      G
               +---------+---------+-------+---------+---------+-------+---------
         Total |       0 |     778 |   0.0 |       0 |      89 |   0.0 |  6704
               +---------+---------+-------+---------+---------+-------+---------
           D:1 |       0 |      27 |   0.0 |       0 |      17 |   0.0 |  1486
           D:2 |       0 |      78 |   0.0 |       0 |      20 |   0.0 |  2084
           D:3 |       0 |     329 |   0.0 |       0 |      36 |   0.0 |  2431
           D:4 |       0 |     344 |   0.0 |       0 |      16 |   0.0 |   679
               +---------+---------+-------+---------+---------+-------+---------
